 Dungeon Crawl Stone Soup version 0.30-a0-475-g03497ec522 (webtiles) character file.

Game seed: 15510933000710134436

1405 Rohain the Ruffian (level 8, -4/79 HPs)
             Began as a Troll Fighter on Dec 20, 2022.
             Was a Follower of the Shining One.
             Slain by an acid dragon (10 damage)
             ... on level 6 of the Dungeon.
             The game lasted 00:08:19 (4436 turns).

Rohain the Ruffian (Troll Fighter)                  Turns: 4436, Time: 00:08:20

Health: -4/79      AC:  5    Str: 27    XL:     8   Next: 42%
Magic:  7/7        EV:  9    Int:  4    God:    the Shining One [*.....]
Gold:   336        SH:  8    Dex:  9    Spells: 7/7 levels left

rFire   . . .      SeeInvis .      - Unarmed
rCold   . . .      Faith    .    b - +0 kite shield
rNeg    . . .      Spirit   .    a - +0 robe
rPois   .          Reflect  .    (helmet restricted)
rElec   .          Harm     .    u - +0 cloak
rCorr   .          Rampage  .    (gloves unavailable)
Will    .....                    (boots unavailable)
Stlth   +.........               (no amulet)
HPRegen 1.13/turn                (no ring)
MPRegen 0.10/turn                (no ring)

@: mighty, glowing, studying Throwing
A: large, unfitting armour, claws 3, regeneration 1, shaggy fur 1, tough skin 1
a: Renounce Religion, Divine Shield


You were on level 6 of the Dungeon.
You worshipped the Shining One.
The Shining One was aware of your devotion.
You visited 2 branches of the dungeon, and saw 9 of its levels.

You collected 336 gold pieces.

Inventory:

Hand Weapons
 h - the +7 war axe of Infection {vorpal, rF++ Str+2}
   (You found it on level 6 of the Dungeon)

   It inflicts extra damage upon your enemies.
   Str:       It affects your strength (+2).
   rF:        It greatly protects you from fire.
Missiles
 d - 7 poisoned darts (quivered)
 s - 2 curare-tipped darts
Armour
 a - a +0 robe (worn)
 b - a +0 kite shield (worn)
 u - a +0 cloak (worn)
Wands
 r - a wand of quicksilver (13)
 w - a wand of paralysis (7)
 y - a wand of mindburst (37)
Scrolls
 f - 5 scrolls of amnesia
 k - a scroll of enchant weapon
 m - a scroll of enchant armour {unknown}
 o - a scroll of silence
 p - 2 scrolls of teleportation
 q - 2 scrolls of identify
 t - a scroll of poison
 v - a scroll of vulnerability {unknown}
 x - a scroll of immolation
Potions
 e - 2 potions of lignification
 g - a potion of brilliance
 i - 2 potions of ambrosia
 j - a potion of degeneration
 l - a potion of flight {unknown}
 n - 3 potions of attraction


   Skills:
 + Level 4.5 Fighting
 + Level 4.5 Dodging
 + Level 5.0 Shields
 * Level 6.8 Unarmed Combat


You had 7 spell levels left.
You didn't know any spells.
Your spell library contained the following spells:

 Spells                   Type           Power      Damage    Failure   Level
 Borgnjor's Revivificati  Necr           0%         N/A       100%        8
 Necromutation            Tmut/Necr      0%         N/A       100%        8
 Death's Door             Necr           0%         N/A       100%        9


Dungeon Overview and Level Annotations

Branches:
Dungeon (8/15)             Temple (1/1) D:5
   Lair: D:8-11

Altars:
Ashenzari
Cheibriados
Elyvilon
Fedhas
Kikubaaqudgha
Makhleb
Nemelex Xobeh
Qazlal
Ru
Sif Muna
Vehumet
Wu Jian
Xom
Zin
The Shining One

Annotations:
D:6 1 runed translucent door, Crazy Yiuf
D:8 Pikel


Innate Abilities, Weirdness & Mutations

You are too large for most types of armour.
You have claws for hands.
Your natural rate of healing is unusually fast.
You are covered in fur. (AC +1)
You have tough skin. (AC +1)


Message History

Your Shields skill increases to level 5!
You claw the adder!
You kill the adder!
No target in view!
No target in view!
No target in view!
You now have 336 gold pieces (gained 12).
You and your allies can now gain power from killing the unholy and evil.
You can now call upon the Shining One for a divine shield.
An acid dragon comes into view.
The acid dragon roars!
An acid dragon is nearby!
An acid dragon is nearby!
An acid dragon is nearby!
The acid dragon spits acid at you. The splash of acid hits you!!
You barely miss the acid dragon. The acid dragon bites you.
You block the acid dragon's attack.
Unknown command.
You scratch the acid dragon.
The acid dragon is lightly wounded.
The acid dragon spits acid at you. The splash of acid hits you!!
You claw the acid dragon!
The acid dragon is heavily wounded.
The acid dragon closely misses you. The acid dragon barely misses you.
You barely miss the acid dragon.
The acid dragon is heavily wounded.
You block the acid dragon's attack. The acid dragon claws you.
You barely miss the acid dragon.
The acid dragon is heavily wounded.
The acid dragon spits acid at you. The splash of acid hits you!!
* * * LOW HITPOINT WARNING * * *
Unknown command.
Okay, then.
Okay, then.
You feel very mighty all of a sudden. The acid dragon bites you!
You die...

.....+ .# #. .... .#
#. ... .# #. #.#
###.##### #.
#########.###........
#.
#....................
##
#.........##.........
#.........##...<.....
#.........##.@.......
#.........##.D.......
#....................
#####
#..........##........
#....
##########.##........
#.### #.##........
#.# # #.##########
#.# # #.# #.# # #.#
#.# #


You could see an acid dragon.

Vanquished Creatures
  Grinder (D:4)
  Eustachio (D:4)
  Menkaure (D:7)
  A water moccasin (D:5)
  Duvessa (D:4)
  2 ice beasts
  A scorpion (D:5)
  Dowan (D:4)
  A howler monkey (D:6)
  5 hounds
  An iguana (D:5)
  10 adders
  3 shadow imps
  A white imp (D:5)
  An ufetubus (D:6)
  4 worms
  A dart slug (D:3)
  9 orcs
  8 bats
  10 endoplasms
  6 giant cockroaches
  3 hobgoblins
  7 jackals
  10 kobolds
  A quokka (D:1)
  3 ball pythons
  3 frilled lizards
  10 goblins
  8 rats
114 creatures vanquished.

Vanquished Creatures (others)
  2 fungi (D:3)
2 creatures vanquished.

Grand Total: 116 creatures vanquished

Notes
Turn   | Place    | Note
-------+----------+-------------------------------------------
     0 | D:1      | Rohain the Troll Fighter began the quest for the Orb.
     0 | D:1      | Reached XP level 1. HP: 22/22 MP: 0/0
    48 | D:1      | Reached XP level 2. HP: 29/29 MP: 1/1
   363 | D:1      | Reached XP level 3. HP: 35/36 MP: 2/2
  1073 | D:2      | Reached skill level 3 in Unarmed Combat
  1459 | D:3      | Reached XP level 4. HP: 44/44 MP: 3/3
  1490 | D:3      | Found a faded altar of an unknown god.
  1517 | D:3      | Found a radiant altar of Vehumet.
  2132 | D:4      | Noticed Duvessa
  2133 | D:4      | Noticed Dowan
  2136 | D:4      | Noticed Eustachio
  2148 | D:4      | Killed Duvessa
  2149 | D:4      | Reached skill level 4 in Unarmed Combat
  2149 | D:4      | Reached XP level 5. HP: 23/53 MP: 4/4
  2159 | D:4      | Killed Dowan
  2160 | D:4      | Reached XP level 6. HP: 9/61 MP: 5/5
  2162 | D:5      | Entered Level 5 of the Dungeon
  2236 | D:4      | Killed Eustachio
  2425 | D:4      | Noticed Grinder
  2436 | D:4      | Killed Grinder
  2437 | D:4      | Reached skill level 5 in Unarmed Combat
  2437 | D:4      | Reached XP level 7. HP: 56/68 MP: 6/6
  2653 | D:4      | Identified a scroll of acquirement
  2653 | D:4      | Acquired a manual of Throwing
  2674 | D:5      | Found a glowing golden altar of the Shining One.
  2730 | D:5      | Became a worshipper of the Shining One
  2825 | D:5      | You fall into a shaft and drop 3 floors!
  2838 | D:8      | HP: 1/70 [killer bee (4)]
  2840 | D:8      | Noticed Pikel
  2840 | D:8      | Paralysed by Pikel for 2 turns
  2925 | D:7      | Found a snail-covered altar of Cheibriados.
  3003 | D:7      | Noticed Menkaure
  3010 | D:7      | Killed Menkaure
  3011 | D:7      | Reached skill level 6 in Unarmed Combat
  3130 | D:5      | Found a staircase to the Ecumenical Temple.
  3159 | D:5      | Reached XP level 8. HP: 22/78 MP: 7/7
  3220 | Temple   | Entered the Ecumenical Temple
  4241 | D:6      | Identified the +7 war axe of Infection {vorpal, rF++ Str+2}
  4301 | D:6      | Found a runed translucent door.
  4302 | D:6      | Noticed Crazy Yiuf
  4414 | D:6      | Reached skill level 5 in Shields
  4427 | D:6      | Reached * piety under the Shining One
  4436 | D:6      | Slain by an acid dragon

Illustrated notes

Levels and vault maps discovered:
D:1:      co_arrival_hall_of_pillars, layout_basic, roderic_roman_lattice,
          chequers_garden, chequers_arboretum
D:2:      layout_basic
D:3:      layout_basic, mainiacjoe_overflow_cross_hatched,
          basic_ecumenical_altar
D:4:      layout_rooms, uniq_grinder, uniq_eustachio, uniq_duvessa
D:5:      layout_basic, tso_metal_star, minmay_temple_entry_mist
D:6:      layout_basic, uniq_crazy_yiuf_cottage
D:7:      minmay_the_grid_four_pointed_star
          [minmay_the_grid_triangle_9x9_corruption,
          minmay_the_grid_triangle_9x9_dagger,
          minmay_the_grid_triangle_9x9_impossible_snake,
          minmay_the_grid_triangle_9x9_limited_checkers,
          minmay_the_grid_prize_four_corners], layout_gridville,
          kennysheep_slug_shrine, uniq_menkaure
D:8:      layout_loops_cross, lemuel_doored_altar, uniq_erica, uniq_pikel
Temple:   chequers_temple_sunken

Skill      XL: |  1  2  3  4  5  6  7  8 |
---------------+-------------------------+-----
Shields        | 3 4 5 |  5.0
Unarmed Combat | 3 4 5 6 |  6.8
Dodging        | 3 4 |  4.5
Fighting       | 3 4 |  4.5

Action                   |  1- 3 |  4- 6 |  7- 9 || total
-------------------------+-------+-------+-------++-------
Melee: Unarmed           |   133 |   139 |    97 ||   369
Throw: Dart              |       |     2 |       ||     2
  Use: Scroll            |     1 |     5 |    12 ||    18
       Potion            |       |       |     3 ||     3
 Stab: Sleeping          |       |     1 |       ||     1
Armor: Robe              |    40 |    41 |    30 ||   111
Dodge: Dodged            |    51 |    40 |    46 ||   137
Block: Kite shield       |    48 |    47 |    39 ||   134

Table legend: (Time is in decaauts)
 A = Elapsed time spent in this place.
 B = Non-inter-level travel time spent in this place.
 C = Inter-level travel time spent in this place.
 D = Time resting spent in this place.
 E = Time spent auto-exploring this place.
 F = Levels seen in this place.
 G = Mean time per level.
                   A        B        C        D        E       F      G
               +--------+--------+--------+--------+--------+-----+--------+
         Total |   4457 |   4316 |    141 |    277 |   3056 |   9 |  495.2 |
       Dungeon |   4267 |   4132 |    135 |    277 |   2878 |   8 |  533.4 |
        Temple |    189 |    183 |      6 |      0 |    178 |   1 |  189.0 |
               +--------+--------+--------+--------+--------+-----+--------+

Top non-repeatable levels by time:
     D:5: 856 daAuts
     D:1: 817 daAuts
     D:2: 630 daAuts
     D:4: 591 daAuts
     D:3: 591 daAuts
     D:6: 579 daAuts
  Temple: 189 daAuts
     D:8: 100 daAuts
     D:7: 100 daAuts
